 Seeded DCSS version 0.27-a0-1140-g099f9bb0e8 (webtiles) character file.

Game seed: 20210510 (custom seed)

113 crimsonfire the Ruffian (level 4, -1/37 HPs)
             Began as a Ghoul Warper on May 10, 2021.
             Was an Initiate of Makhleb.
             Slain by a killer bee zombie (5 damage)
             ... on level 3 of the Dungeon.
             The game lasted 00:08:32 (3072 turns).

crimsonfire the Ruffian (Ghoul Warper)              Turns: 3072, Time: 00:08:33

Health: -1/37      AC:  3    Str: 15    XL:     4   Next: 96%
Magic:  5/5        EV: 11    Int:  8    God:    Makhleb [......]
Gold:   67         SH:  0    Dex:  8    Spells: 6/6 levels left

rFire    . . .     SeeInvis .     - Unarmed
rCold    + . .     Faith    .   (no shield)
rNeg     + + +     Spirit   .   a - +0 leather armour
rPois    ∞         Reflect  .   (no helmet)
rElec    .         Harm     .   (no cloak)
rCorr    .         Rampage  .   (no gloves)
Will     .....                  (no boots)
Stlth    +.........             (no amulet)
HPRegen  0.00/turn              (no ring)
MPRegen  0.09/turn              (no ring)

@: no status effects
A: claws 1, cold resistance 1, negative energy resistance 3, inhibited
regeneration, torment resistance 2, unbreathing 1
a: Renounce Religion


You were on level 3 of the Dungeon.
You worshipped Makhleb.
Makhleb was noncommittal.
You visited 1 branch of the dungeon, and saw 3 of its levels.

You collected 67 gold pieces.

Inventory:

Missiles
 d - 5 boomerangs of dispersal (quivered)
Armour
 a - a +0 leather armour (worn)
Jewellery
 b - an amulet of magic regeneration
Scrolls
 c - a scroll of blinking
 e - 5 scrolls of identify {unknown}
Potions
 f - a potion of haste
 g - a potion of attraction {unknown}


   Skills:
 + Level 2.9 Fighting
 + Level 1.0 Throwing
 + Level 2.0 Armour
 + Level 2.4 Dodging
 + Level 1.1 Stealth
 + Level 3.5 Unarmed Combat
 + Level 1.7 Spellcasting
 + Level 2.7 Translocations


You had 6 spell levels left.
You didn't know any spells.
Your spell library contained the following spells:

 Spells                   Type           Power      Damage    Failure   Level
 Blink                    Tloc           N/A        N/A       22%         2
 Gell's Gravitas          Tloc           2%         N/A       41%         3
 Lesser Beckoning         Tloc           2%         N/A       41%         3
 Teleport Other           Tloc           5%         N/A       41%         3
 Manifold Assault         Tloc           5%         N/A       99%         5


Dungeon Overview and Level Annotations

Branches:
Dungeon (3/15)

Altars:
Dithmenos
Makhleb


Innate Abilities, Weirdness & Mutations

You thrive by killing the living.
You are immune to poison.
You have sharp fingernails.
Your flesh is cold resistant. (rC+)
You are immune to negative energy. (rN+++)
You do not regenerate when monsters are visible.
You are immune to unholy pain and torment.
You can survive without breathing.


Message History

You feel better.
Found a shadowy altar of Dithmenos.
e - 4 scrolls labelled KACORGH YNUE (gained 2)
e - 5 scrolls labelled KACORGH YNUE (gained 1)
A killer bee zombie comes into view.
The killer bee zombie hits you.
Found a stone staircase leading down.
You closely miss the killer bee zombie.
The killer bee zombie hits you but does no damage.
The killer bee zombie misses you.
You closely miss the killer bee zombie. The killer bee zombie hits you.
You closely miss the killer bee zombie. The killer bee zombie hits you.
The killer bee zombie closely misses you.
You scratch the killer bee zombie.
The killer bee zombie is lightly damaged.
The killer bee zombie hits you but does no damage.
The killer bee zombie hits you.
You claw the killer bee zombie!
The killer bee zombie is heavily damaged.
The killer bee zombie barely misses you.
You scratch the killer bee zombie.
The killer bee zombie is severely damaged.
The killer bee zombie hits you but does no damage. x2
You scratch the killer bee zombie.
The killer bee zombie is almost destroyed.
The killer bee zombie hits you!
* * * LOW HITPOINT WARNING * * *
The killer bee zombie hits you!
* * * LOW HITPOINT WARNING * * *
You barely miss the killer bee zombie.
The killer bee zombie is almost destroyed.
The killer bee zombie closely misses you.
You scratch the killer bee zombie but do no damage.
The killer bee zombie is almost destroyed.
The killer bee zombie hits you but does no damage.
The killer bee zombie barely misses you.
You miss the killer bee zombie.
The killer bee zombie is almost destroyed.
The killer bee zombie hits you.
You die...

##..._...####....#
#.........##..####
...............#
#..##.....##...##
..###..#..###..####
.##..###..##.....##
..... ##..........#
......#....#......#
......Z@...#......##
#####..#...#.......#
....>#...##.......#
#######...##........
######........
#........ #........
####.#### .#


You could see a killer bee zombie.

Vanquished Creatures
  6 adders
  2 worms (D:3)
  2 bats (D:1)
  2 bat zombies (D:3)
  3 endoplasms
  A giant cockroach (D:2)
  7 goblins
  9 jackals
  2 quokkas (D:1)
  4 ball pythons
  5 frilled lizards
  5 kobolds
  6 rats
54 creatures vanquished.

Vanquished Creatures (others)
  4 plants (D:3)
4 creatures vanquished.

Grand Total: 58 creatures vanquished

Notes
Turn   | Place    | Note
-------+----------+-------------------------------------------
     0 | D:1      | crimsonfire the Ghoul Warper began the quest for the Orb.
     0 | D:1      | Reached XP level 1. HP: 17/17 MP: 2/2
   469 | D:1      | Reached skill level 1 in Armour
   570 | D:1      | Reached skill level 1 in Throwing
   570 | D:1      | Reached XP level 2. HP: 24/25 MP: 3/3
   750 | D:1      | Found a faded altar of an unknown god.
  1273 | D:2      | Reached XP level 3. HP: 22/30 MP: 4/4
  1687 | D:2      | Reached skill level 3 in Unarmed Combat
  1938 | D:2      | Reached skill level 1 in Stealth
  1938 | D:2      | Reached XP level 4. HP: 37/37 MP: 5/5
  2466 | D:3      | HP: 1/37 [worm (8)]
  2819 | D:3      | Found a burning altar of Makhleb.
  3011 | D:3      | Became a worshipper of Makhleb the Destroyer
  3026 | D:3      | Found a shadowy altar of Dithmenos.
  3072 | D:3      | Slain by a killer bee zombie

Illustrated notes

Levels and vault maps discovered:
D:1:      dpeg_arrival_three_same_balls, layout_rooms,
          ebering_ecumenical_altar_petrified, minmay_misc_feat_ornament,
          chequers_serial_rivers_small_3
D:2:      layout_basic
D:3:      layout_basic, lemuel_zombie_altar_kikubaaqudgha, bloody_makhleb,
          nicolae_dithmenos_shadow_blocks, serial_shops,
          nicolae_shop_overgrown_old_shop, minivault_27, kennysheep_donut,
          uniq_robin

Skill      XL: |  1  2  3  4 |
---------------+-------------+-----
Armour         | 1 2 |  2.0
Throwing       | 1 |  1.0
Dodging        | 2 |  2.4
Unarmed Combat | 3 |  3.5
Stealth        | 1 |  1.1
Fighting       | |  2.9
Spellcasting   | |  1.7
Translocations | |  2.7

Action                   |  1- 3 |  4- 6 || total
-------------------------+-------+-------++-------
Melee: Unarmed           |   168 |    93 ||   261
       Punch             |     1 |       ||     1
  Use: Potion            |       |     1 ||     1
Armor: Leather armour    |    69 |    17 ||    86
Dodge: Dodged            |   108 |    53 ||   161

Table legend: (Time is in decaauts)
 A = Elapsed time spent in this place.
 B = Non-inter-level travel time spent in this place.
 C = Inter-level travel time spent in this place.
 D = Time resting spent in this place.
 E = Time spent auto-exploring this place.
 F = Levels seen in this place.
 G = Mean time per level.
                   A        B        C        D        E       F      G
               +--------+--------+--------+--------+--------+-----+--------+
         Total |   3049 |   3049 |      0 |      0 |   2504 |   3 | 1016.3 |
       Dungeon |   3049 |   3049 |      0 |      0 |   2504 |   3 | 1016.3 |
               +--------+--------+--------+--------+--------+-----+--------+

Top non-repeatable levels by time:
     D:2: 1283 daAuts
     D:1: 1088 daAuts
     D:3: 677 daAuts
